[ AOE2 MATCH · #504777982 ]
UnrankedEthiopians vs Celts
Player's team · WIN
Rival team · LOSS
[ REPLAY ANALYSIS · EXTRACTED FROM THE RECORDED GAME ]
Feudal
8:54
Castle
21:51
Imperial
36:35
| APM avg | 63.1 |
| APM peak | 102 |
| eAPM avg | 25.2 |
| Villagers / military | 135 / 52 |
Focus
⚔️ 31.6% · 🌾 68.4%
Shotel Warrior ×31 · Archer ×8 · Skirmisher ×5 · Trebuchet (Packed) ×4 · Mangonel ×3 · Monk ×1
Feudal
8:51
Castle
24:37
Imperial
—
| APM avg | 66.6 |
| APM peak | 106 |
| eAPM avg | 23.3 |
| Villagers / military | 91 / 44 |
Focus
⚔️ 30.4% · 🌾 69.6%
Cavalry Archer ×22 · Skirmisher ×10 · Archer ×6 · Militia ×4 · Knight ×1 · Battering Ram ×1
Match map
Initial resources + every placement click. Lines = walls · curves = elevation contours. ◆ gold · ⬟ stone · ● berries · ✦ relic · ◌ wall gap
Your base· Open — opponent sealed themselves in
挨打不还手's base· ✓ Closed at 24:37 · 81t walls · no gate
Smoothed initial terrain · ◌ = detected wall gap · hover for details
Inputs per minute
— squashy_aoe - - 挨打不还手
Build order — squashy_aoe
First 150 of 314 actions detected
| 0:00 | Create | Villager (Male) |
| 0:02 | Build | House |
| 0:03 | Build | House |
| 0:03 | Create | Villager (Male) |
| 0:09 | Create | Villager (Male) |
| 0:10 | Create | Villager (Male) |
| 1:31 | Create | Villager (Male) |
| 1:57 | Create | Villager (Male) |
| 1:59 | Build | Lumber Camp |
| 2:16 | Create | Villager (Male) |
| 2:16 | Create | Villager (Male) |
| 2:46 | Create | Villager (Male) |
| 2:47 | Create | Villager (Male) |
| 2:59 | Create | Villager (Male) |
| 2:59 | Create | Villager (Male) |
| 3:34 | Create | Villager (Male) |
| 3:55 | Build | House |
| 4:03 | Create | Villager (Male) |
| 4:17 | Build | Mill |
| 4:26 | Create | Villager (Male) |
| 4:53 | Create | Villager (Male) |
| 5:25 | Create | Villager (Male) |
| 5:27 | Create | Villager (Male) |
| 5:51 | Research | Loom |
| 6:44 | Research | Feudal Age |
| 7:03 | Build | Lumber Camp |
| 7:38 | Build | Palisade Wall |
| 7:55 | Build | Barracks |
| 8:03 | Create | Villager (Male) |
| 8:06 | Build | House |
| 8:23 | Create | Villager (Male) |
| 8:31 | Build | Palisade Wall |
| 8:34 | Build | Palisade Wall |
| 8:43 | Create | Villager (Male) |
| 8:54 | Age | Feudal Age |
| 8:55 | Build | Archery Range |
| 8:58 | Create | Villager (Male) |
| 9:03 | Create | Villager (Male) |
| 9:08 | Build | Palisade Wall |
| 9:09 | Build | Palisade Wall |
| 9:23 | Build | Mining Camp |
| 9:25 | Build | Palisade Wall |
| 9:25 | Create | Villager (Male) |
| 9:28 | Build | Palisade Wall |
| 9:31 | Build | Palisade Wall |
| 9:33 | Build | Palisade Wall |
| 9:36 | Build | Palisade Wall |
| 9:39 | Build | House |
| 9:40 | Create | Villager (Male) |
| 9:46 | Create | Villager (Male) |
| 9:48 | Create | Archer |
| 9:54 | Create | Villager (Male) |
| 10:04 | Build | Watch Tower |
| 10:26 | Create | Archer |
| 10:34 | Create | Villager (Male) |
| 10:38 | Create | Villager (Male) |
| 10:49 | Build | House |
| 10:50 | Create | Archer |
| 11:00 | Create | Villager (Male) |
| 11:33 | Build | House |
| 11:40 | Create | Villager (Male) |
| 11:52 | Build | Blacksmith |
| 12:00 | Build | Palisade Wall |
| 12:33 | Build | Mill |
| 12:33 | Create | Villager (Male) |
| 12:35 | Build | Palisade Wall |
| 12:36 | Build | Palisade Wall |
| 12:37 | Create | Villager (Male) |
| 12:44 | Build | House |
| 13:26 | Create | Archer |
| 13:30 | Build | Farm |
| 13:50 | Research | Double-Bit Axe |
| 13:52 | Build | Farm |
| 13:54 | Build | Farm |
| 13:57 | Research | Horse Collar |
| 13:58 | Create | Villager (Male) |
| 14:03 | Build | Farm |
| 14:11 | Build | House |
| 14:17 | Create | Archer |
| 14:19 | Create | Villager (Male) |
| 14:24 | Build | Farm |
| 14:34 | Build | House |
| 14:36 | Create | Skirmisher |
| 14:48 | Build | Farm |
| 14:51 | Create | Villager (Male) |
| 14:56 | Build | Farm |
| 15:06 | Build | Farm |
| 15:18 | Research | Fletching |
| 15:19 | Research | Fletching |
| 15:45 | Create | Villager (Male) |
| 15:47 | Create | Skirmisher |
| 15:50 | Build | House |
| 15:54 | Build | Farm |
| 15:55 | Build | Farm |
| 15:57 | Create | Villager (Male) |
| 16:02 | Create | Skirmisher |
| 16:22 | Build | Farm |
| 16:23 | Create | Villager (Male) |
| 16:35 | Build | House |
| 16:49 | Create | Villager (Male) |
| 16:53 | Build | Market |
| 16:57 | Create | Skirmisher |
| 17:04 | Create | Villager (Male) |
| 17:14 | Create | Skirmisher |
| 17:26 | Build | Farm |
| 17:39 | Build | House |
| 17:40 | Build | House |
| 18:00 | Create | Villager (Male) |
| 18:14 | Build | Mining Camp |
| 18:33 | Create | Villager (Male) |
| 19:11 | Research | Castle Age |
| 19:11 | Research | Castle Age |
| 19:19 | Create | Archer |
| 19:21 | Build | Archery Range |
| 19:51 | Create | Archer |
| 19:51 | Create | Archer |
| 19:51 | Create | Villager (Male) |
| 20:33 | Build | Mining Camp |
| 20:34 | Research | Stone Mining |
| 20:39 | Build | House |
| 21:11 | Research | Gold Mining |
| 21:51 | Age | Castle Age |
| 22:03 | Build | Castle |
| 22:12 | Create | Villager (Male) |
| 22:14 | Research | Bow Saw |
| 22:22 | Build | Palisade Gate |
| 22:22 | Build | Palisade Gate |
| 22:27 | Build | House |
| 22:28 | Create | Villager (Male) |
| 22:35 | Research | Scale Mail Armor |
| 22:35 | Research | Forging |
| 22:59 | Build | Town Center |
| 23:00 | Create | Villager (Male) |
| 23:03 | Create | Villager (Male) |
| 23:12 | Create | Shotel Warrior |
| 23:13 | Create | Shotel Warrior |
| 23:13 | Create | Shotel Warrior |
| 23:36 | Create | Shotel Warrior |
| 23:39 | Create | Villager (Male) |
| 23:47 | Build | Watch Tower |
| 23:49 | Create | Villager (Male) |
| 24:03 | Create | Villager (Male) |
| 24:12 | Create | Shotel Warrior |
| 24:13 | Create | Shotel Warrior |
| 24:17 | Build | Farm |
| 24:20 | Build | Farm |
| 24:22 | Build | Farm |
| 24:23 | Build | Farm |
| 24:24 | Create | Villager (Male) |
| 24:25 | Create | Villager (Male) |
Build order — 挨打不还手
First 150 of 259 actions detected
| 0:01 | Create | Villager (Male) |
| 0:01 | Create | Villager (Male) |
| 0:01 | Create | Villager (Male) |
| 0:02 | Create | Villager (Male) |
| 0:02 | Create | Villager (Male) |
| 0:04 | Build | House |
| 0:07 | Build | House |
| 1:29 | Create | Villager (Male) |
| 1:29 | Create | Villager (Male) |
| 2:02 | Create | Villager (Male) |
| 2:03 | Create | Villager (Male) |
| 2:03 | Create | Villager (Male) |
| 2:25 | Build | Lumber Camp |
| 2:29 | Create | Villager (Male) |
| 2:29 | Create | Villager (Male) |
| 2:50 | Create | Villager (Male) |
| 2:50 | Create | Villager (Male) |
| 3:17 | Create | Villager (Male) |
| 3:17 | Create | Villager (Male) |
| 3:18 | Create | Villager (Male) |
| 3:52 | Build | House |
| 4:01 | Create | Villager (Male) |
| 4:24 | Create | Villager (Male) |
| 4:24 | Create | Villager (Male) |
| 4:24 | Create | Villager (Male) |
| 4:37 | Build | Mill |
| 4:47 | Create | Villager (Male) |
| 4:47 | Create | Villager (Male) |
| 5:22 | Create | Villager (Male) |
| 5:43 | Create | Villager (Male) |
| 6:03 | Research | Loom |
| 6:38 | Research | Feudal Age |
| 6:38 | Research | Feudal Age |
| 6:50 | Build | Barracks |
| 7:14 | Build | House |
| 7:43 | Create | Militia |
| 7:53 | Build | Mining Camp |
| 7:54 | Create | Militia |
| 8:05 | Build | Palisade Wall |
| 8:07 | Create | Militia |
| 8:12 | Build | Palisade Wall |
| 8:15 | Build | Palisade Wall |
| 8:18 | Build | Palisade Wall |
| 8:51 | Age | Feudal Age |
| 8:59 | Create | Villager (Male) |
| 9:10 | Research | Double-Bit Axe |
| 9:10 | Research | Double-Bit Axe |
| 9:17 | Create | Villager (Male) |
| 9:21 | Build | House |
| 9:35 | Create | Villager (Male) |
| 9:49 | Build | Watch Tower |
| 9:54 | Build | Archery Range |
| 10:05 | Create | Villager (Male) |
| 10:14 | Research | Man-at-Arms (upgrade) |
| 10:40 | Create | Villager (Male) |
| 10:52 | Build | House |
| 10:59 | Create | Skirmisher |
| 11:04 | Build | House |
| 11:09 | Create | Skirmisher |
| 11:29 | Create | Skirmisher |
| 11:37 | Build | Mill |
| 11:50 | Build | House |
| 12:02 | Build | Palisade Wall |
| 12:03 | Build | Palisade Wall |
| 12:07 | Create | Villager (Male) |
| 12:10 | Build | Farm |
| 12:19 | Create | Villager (Male) |
| 12:30 | Create | Skirmisher |
| 12:33 | Build | House |
| 12:46 | Build | Farm |
| 12:53 | Build | Palisade Wall |
| 13:03 | Create | Villager (Male) |
| 13:08 | Build | House |
| 13:31 | Build | Mining Camp |
| 13:31 | Create | Villager (Male) |
| 13:32 | Create | Villager (Male) |
| 13:35 | Build | Farm |
| 13:41 | Build | Farm |
| 13:53 | Build | Blacksmith |
| 13:54 | Create | Villager (Male) |
| 13:59 | Build | Farm |
| 14:06 | Build | Farm |
| 14:18 | Create | Villager (Male) |
| 14:34 | Build | House |
| 14:39 | Create | Villager (Male) |
| 14:46 | Build | Palisade Wall |
| 14:48 | Build | Palisade Wall |
| 15:01 | Create | Villager (Male) |
| 15:05 | Build | Farm |
| 15:22 | Research | Fletching |
| 15:22 | Research | Fletching |
| 15:29 | Build | House |
| 15:31 | Build | Palisade Wall |
| 15:50 | Create | Villager (Male) |
| 16:12 | Create | Militia |
| 16:19 | Create | Villager (Male) |
| 16:25 | Build | House |
| 16:39 | Create | Villager (Male) |
| 16:40 | Create | Skirmisher |
| 16:41 | Create | Skirmisher |
| 16:51 | Build | Watch Tower |
| 17:06 | Build | Palisade Wall |
| 17:07 | Build | Palisade Wall |
| 17:11 | Build | Palisade Wall |
| 17:12 | Build | Palisade Wall |
| 17:17 | Create | Skirmisher |
| 17:22 | Create | Villager (Male) |
| 17:25 | Build | House |
| 17:28 | Build | Palisade Wall |
| 17:39 | Create | Villager (Male) |
| 17:55 | Build | Market |
| 17:59 | Create | Villager (Male) |
| 18:25 | Create | Villager (Male) |
| 18:34 | Create | Villager (Male) |
| 19:07 | Create | Skirmisher |
| 19:08 | Create | Villager (Male) |
| 19:18 | Build | Farm |
| 19:22 | Build | Palisade Wall |
| 19:23 | Build | Palisade Wall |
| 19:23 | Build | Palisade Wall |
| 19:23 | Build | Palisade Wall |
| 19:23 | Build | Palisade Wall |
| 19:51 | Create | Villager (Male) |
| 20:04 | Build | Mining Camp |
| 20:12 | Create | Villager (Male) |
| 20:19 | Create | Villager (Male) |
| 20:39 | Create | Villager (Male) |
| 21:01 | Create | Archer |
| 21:03 | Create | Villager (Male) |
| 21:17 | Create | Villager (Male) |
| 21:28 | Build | Palisade Wall |
| 21:34 | Create | Archer |
| 21:38 | Create | Villager (Male) |
| 21:43 | Build | Palisade Wall |
| 21:47 | Build | Palisade Wall |
| 21:55 | Research | Castle Age |
| 21:56 | Research | Castle Age |
| 22:18 | Build | Stable |
| 22:31 | Research | Horse Collar |
| 22:32 | Research | Horse Collar |
| 22:41 | Research | Padded Archer Armor |
| 22:55 | Create | Skirmisher |
| 23:12 | Build | Lumber Camp |
| 23:25 | Build | Watch Tower |
| 23:29 | Create | Skirmisher |
| 24:14 | Build | Farm |
| 24:15 | Create | Villager (Male) |
| 24:26 | Build | Watch Tower |
| 24:32 | Create | Archer |
| 24:32 | Create | Archer |
Match timeline
| 6:50 | 挨打不还手 · first_building Barracks |
| 7:38 | squashy_aoe · wall_segment Palisade Wall x6 |
| 7:55 | squashy_aoe · first_building Barracks |
| 8:05 | 挨打不还手 · wall_segment Palisade Wall x3 |
| 8:12 | 挨打不还手 · wall_segment Palisade Wall x5 |
| 8:15 | 挨打不还手 · wall_segment Palisade Wall x1 |
| 8:18 | 挨打不还手 · wall_segment Palisade Wall x1 |
| 8:31 | squashy_aoe · wall_segment Palisade Wall x5 |
| 8:34 | squashy_aoe · wall_segment Palisade Wall x1 |
| 8:51 | 挨打不还手 · age_up feudal |
| 8:54 | squashy_aoe · age_up feudal |
| 8:55 | squashy_aoe · first_building Archery Range |
| 9:08 | squashy_aoe · wall_segment Palisade Wall x3 |
| 9:09 | squashy_aoe · wall_segment Palisade Wall x1 |
| 9:25 | squashy_aoe · wall_segment Palisade Wall x1 |
| 9:28 | squashy_aoe · wall_segment Palisade Wall x1 |
| 9:31 | squashy_aoe · wall_segment Palisade Wall x1 |
| 9:33 | squashy_aoe · wall_segment Palisade Wall x1 |
| 9:36 | squashy_aoe · wall_segment Palisade Wall x1 |
| 9:54 | 挨打不还手 · first_building Archery Range |
| 12:00 | squashy_aoe · wall_segment Palisade Wall x8 |
| 12:02 | 挨打不还手 · wall_segment Palisade Wall x8 |
| 12:03 | 挨打不还手 · wall_segment Palisade Wall x2 |
| 12:35 | squashy_aoe · wall_segment Palisade Wall x1 |
| 12:36 | squashy_aoe · wall_segment Palisade Wall x5 |
| 12:53 | 挨打不还手 · wall_segment Palisade Wall x2 |
| 14:46 | 挨打不还手 · wall_segment Palisade Wall x5 |
| 14:48 | 挨打不还手 · wall_segment Palisade Wall x14 |
| 15:31 | 挨打不还手 · wall_segment Palisade Wall x4 |
| 17:06 | 挨打不还手 · wall_segment Palisade Wall x7 |
| 17:07 | 挨打不还手 · wall_segment Palisade Wall x10 |
| 17:11 | 挨打不还手 · wall_segment Palisade Wall x10 |
| 17:12 | 挨打不还手 · wall_segment Palisade Wall x1 |
| 17:28 | 挨打不还手 · wall_segment Palisade Wall x1 |
| 17:46 | squashy_aoe · first_market_sell 500 wood |
| 17:47 | squashy_aoe · first_market_buy 100 food |
| 19:22 | 挨打不还手 · wall_segment Palisade Wall x1 |
| 19:23 | 挨打不还手 · wall_segment Palisade Wall x1 |
| 19:23 | 挨打不还手 · wall_segment Palisade Wall x1 |
| 19:23 | 挨打不还手 · wall_segment Palisade Wall x1 |
| 19:23 | 挨打不还手 · wall_segment Palisade Wall x1 |
| 21:28 | 挨打不还手 · wall_segment Palisade Wall x1 |
| 21:43 | 挨打不还手 · wall_segment Palisade Wall x4 |
| 21:47 | 挨打不还手 · wall_segment Palisade Wall x1 |
| 21:49 | 挨打不还手 · first_market_buy 100 wood |
| 21:51 | squashy_aoe · age_up castle |
| 22:03 | squashy_aoe · first_building Castle |
| 22:18 | 挨打不还手 · first_building Stable |
| 24:37 | 挨打不还手 · age_up castle |
| 26:16 | squashy_aoe · first_building Siege Workshop |
| 28:44 | squashy_aoe · first_building Monastery |
| 36:29 | 挨打不还手 · first_building Siege Workshop |
| 36:35 | squashy_aoe · age_up imperial |
| 37:12 | 挨打不还手 · first_building Castle |
| 37:47 | 挨打不还手 · resign |
[ AI ANALYSIS · 1 CREDIT ]
What really happened in this match?
Wolo.gg analyzes every decision: build order, eco, micro, common mistakes by bracket. Personalized analysis on WhatsApp or Discord in 30 seconds.
Civ guide
Ethiopians
Perfil
Jugador #11441215